 Dungeon Crawl Stone Soup version 0.30-a0-629-gd54f4be4f7 (webtiles) character file.

Game seed: 12572121491139310961

4081 ragingrage the Slicer (level 10, -6/49 HPs)
             Began as a Vine Stalker Delver on Jan 12, 2023.
             Was a Follower of Uskayaw.
             Mangled by an orc knight
             ... wielding a +0 glaive
              (20 damage)
             ... in a bailey.
             The game lasted 00:14:07 (7122 turns).

ragingrage the Slicer (Vine Stalker Delver)         Turns: 7122, Time: 00:14:07

Health: -6/49      AC: 18    Str: 16    XL:     10   Next: 25%
Magic:  0/13       EV:  8    Int: 10    God:    Uskayaw [*.....]
Gold:   237        SH:  0    Dex: 25    Spells: 9/9 levels left

rFire   + . .      SeeInvis .    b - +1 dagger (elec)
rCold   . . .      Faith    .    (no shield)
rNeg    + . .      Spirit   +    z - +4 chain mail {rF+}
rPois   .          Reflect  .    j - +0 helmet
rElec   .          Harm     .    F - +2 cloak
rCorr   .          Rampage  .    (no gloves)
Will    +....                    (no boots)
Stlth   +                        m - amulet of magic regeneration
HPRegen 1.08/turn                k - +6 ring of dexterity
MPRegen 0.53/turn                G - ring of positive energy

@: no status effects
A: fangs 3, regeneration 1, magic shield, antimagic bite, no potion heal 2
a: Renounce Religion, Stomp


You were in a bailey.
You worshipped Uskayaw.
Uskayaw was noncommittal.
You visited 2 branches of the dungeon, and saw 9 of its levels.
You also visited: Bailey.

You collected 379 gold pieces.
You spent 142 gold pieces at shops.

Inventory:

Hand Weapons
 a - a +1 short sword of venom
 b - a +1 dagger of electrocution (weapon)
 i - a +0 short sword
 n - a +3 arbalest
 s - a +1 short sword of holy wrath
 u - a +1 dagger of venom
 x - a +0 scimitar
 A - a +4 short sword
 B - a +3 dagger
Missiles
 o - 4 boomerangs (quivered)
 r - 5 atropa-tipped darts
Armour
 j - a +0 helmet (worn)
 z - a +4 chain mail of fire resistance (worn)
 E - a +0 kite shield
 F - a +2 cloak (worn)
Jewellery
 k - a +6 ring of dexterity (left hand)
 m - an amulet of magic regeneration (around neck)
 G - a ring of positive energy (right hand)
 K - a ring of see invisible
Wands
 g - a wand of digging (3)
 q - a wand of flame (52)
 w - a wand of iceblast (5)
Scrolls
 c - 5 scrolls of fog
 d - 3 scrolls of magic mapping
 e - a scroll of fear
 h - 3 scrolls of enchant weapon
 l - 2 scrolls of teleportation
 y - a scroll of enchant armour
 I - a scroll of immolation
Potions
 f - 4 potions of haste
 p - 3 potions of cancellation
 t - a potion of curing
 v - 2 potions of brilliance
 C - a potion of lignification
 D - a potion of experience
 H - a potion of berserk rage
 J - a potion of degeneration {unknown}


   Skills:
 + Level 3.9 Fighting
 - Level 10.0 Short Blades
 + Level 5.5 Armour
 + Level 2.9 Dodging
 + Level 8.0 Stealth
 + Level 2.7 Invocations
 + Level 2.3 Evocations


You had 9 spell levels left.
You didn't know any spells.
Your spell library contained the following spells:

 Spells                   Type           Power      Damage    Failure   Level
 Sandblast                Erth           0%         2d4       99%         1
 Shock                    Conj/Air       0%         1d3       99%         1
 Sting                    Tmut/Pois      0%         1d3       99%         1
 Passwall                 Tmut/Erth      0%         N/A       100%        2
 Poisonous Vapours        Pois/Air       0%         N/A       100%        2
 Stone Arrow              Conj/Erth      0%         3d7       100%        3
 Swiftness                Air            0%         N/A       100%        3
 Airstrike                Air            0%         2d(0-16)  100%        4
 Olgreb's Toxic Radiance  Pois           0%         N/A       100%        4
 Summon Forest            Summ/Tloc      0%         N/A       100%        5
 Eringya's Noxious Bog    Tmut/Pois      0%         N/A       100%        6
 Summon Hydra             Summ           0%         N/A       100%        7


Dungeon Overview and Level Annotations

Branches:
Dungeon (8/15)             Temple (1/1) D:7          Bailey (1/1)
   Lair: D:8-11

Altars:
Cheibriados
Dithmenos
Elyvilon
Fedhas
Gozag
Hepliaklqana
Kikubaaqudgha
Nemelex Xobeh
Okawaru
Qazlal
Trog
Uskayaw
Vehumet
Xom
Yredelemnul
Zin
The Shining One

Shops:
D:1 :   D:5 =![

Annotations:
D:3 3 runed translucent doors, porpoise's ghost, amateur DsGl
D:7 1 exclusion


Innate Abilities, Weirdness & Mutations

You have razor-sharp teeth.
Your natural rate of healing is unusually fast.
When hurt, damage is shared between your health and your magic reserves.
Your bite disrupts and absorbs the magic of your enemies.
Potions cannot restore your health.


Message History

Aim: an orc knight, wielding a +0 glaive and wearing a +0 chain mail (lightly wounded, 62% to hit, chance to blind on hit: 24%)
Okay, then.
Throw: 6 darts (atropa)
Press: ? - help, Shift-Dir - straight line, f - orc knight
Aim: an orc knight, wielding a +0 glaive and wearing a +0 chain mail (lightly wounded, 62% to hit, chance to blind on hit: 24%)
You throw an atropa-tipped dart.
The atropa-tipped dart hits the orc knight.
The orc knight appears confused.
The orc knight is lightly wounded.
The orc knight seems less confused.
The orc warrior no longer looks unusually strong.
The orc warrior hits you from afar with a +0 halberd.
You barely miss the orc knight. Your bite misses the orc knight.
The orc knight is lightly wounded.
You hit the orc knight but do no damage.
The orc knight is poisoned.
Your bite misses the orc knight.
The orc knight is lightly wounded.
The orc knight closely misses you.
The orc warrior hits you from afar with a +0 halberd!
Your +1 short sword of venom stops dripping with poison.
You hear the crackle of electricity.
b - a +1 dagger of electrocution (weapon)
You closely miss the orc knight. You bite the orc knight. You drain its power.
You feel invigorated.
The orc knight is moderately wounded.
The orc knight hits you with a +0 glaive!
The orc warrior barely misses you.
The orc warrior hits you from afar with a +0 glaive.
You hit the orc knight but do no damage.
Your bite misses the orc knight.
The orc knight is moderately wounded.
The orc knight is no longer blind.
You hit the orc knight. Your bite misses the orc knight.
The orc knight is moderately wounded.
The orc knight hits you with a +0 glaive!
The orc warrior hits you from afar with a +0 halberd.
The orc warrior hits you from afar with a +0 glaive!
* * * LOW HITPOINT WARNING * * *
The orc knight hits you with a +0 glaive!!
You die...

...........##.###o8 ###o##.......
.....).....##.')#.. #)'o##.......
...........##.####o####o##.......
...........##..##∩.o##..#........
...............##'''#..##........
...............##...o.##o........
.....≈≈.≈≈≈....##....##...≈≈≈.≈≈.
....≈≈#.##≈....#######....≈##.#≈≈
....≈##.∩#≈.....@..o......≈#∩.##≈
....≈#.).........o.o...........#≈
....≈##.##≈...............≈##.##≈
... ###≈≈...............≈≈### .
≈≈≈≈.................≈≈≈≈≈.
............................
.............................
..............................
...............................


You could see an orc knight (very poisoned) and 2 orc warriors.

Vanquished Creatures
  2 hornets
  Sigmund (D:5)
  5 yaks (D:8)
  A sky beast (D:7)
  3 black bears
  6 orc warriors (Bailey)
  An ogre (D:5)
  A centaur (D:7)
  2 bullfrogs (D:8)
  A gnoll sergeant (D:8)
  4 scorpions
  10 wights
  4 howler monkeys
  2 jellies
  A hound (D:4)
  A gnoll bouda (D:8)
  Ijyb (D:5)
  3 iguanas
  3 orc wizards
  12 gnolls
  7 adders
  A shadow imp (D:6)
  4 worms (D:2)
  2 dart slugs
  33 orcs
  4 ball pythons
  A bat (D:1)
  11 endoplasms
  4 giant cockroaches
  9 goblins
  6 hobgoblins
  2 kobolds (D:3)
  7 quokkas
  4 frilled lizards
  5 rats
164 creatures vanquished.

Vanquished Creatures (others)
  8 plants (D:8)
8 creatures vanquished.

Grand Total: 172 creatures vanquished

Notes
Turn   | Place    | Note
-------+----------+-------------------------------------------
     0 | D:5      | ragingrage the Vine Stalker Delver began the quest for the
                  | Orb.
     0 | D:5      | Reached XP level 1. HP: 11/11 MP: 2/2
    17 | D:5      | Noticed an iguana
    22 | D:5      | Killed an iguana
    23 | D:5      | Reached skill level 2 in Short Blades
    23 | D:5      | Reached XP level 2. HP: 16/16 MP: 3/3
    23 | D:5      | Reached XP level 3. HP: 19/19 MP: 4/4
    74 | D:5      | Found Wuffeecw's Distillery.
    95 | D:4      | Noticed a black bear
   111 | D:4      | Killed a black bear
   112 | D:4      | Reached skill level 4 in Short Blades
   112 | D:4      | Gained mutation: Your natural rate of healing is unusually
                  | fast. [Vine Stalker growth]
   112 | D:4      | Reached XP level 4. HP: 23/23 MP: 5/5
   112 | D:4      | Reached XP level 5. HP: 27/27 MP: 6/6
   595 | D:1      | Found Ufutyaj's Book Shop.
  1037 | D:1      | Found a snail-covered altar of Cheibriados.
  1373 | D:2      | Reached XP level 6. HP: 32/32 MP: 7/7
  1502 | D:2      | Reached skill level 5 in Short Blades
  1780 | D:3      | HP: 1/32 [poisoned by an orc wizard]
  2102 | D:3      | Found a runed translucent gate.
  2102 | D:3      | Found a runed translucent gate.
  2103 | D:3      | Found a runed translucent gate.
  2139 | D:3      | Found a faded altar of an unknown god.
  2257 | D:3      | Noticed porpoise's ghost (amateur DsGl)
  2446 | D:3      | Found a glowing silver altar of Zin.
  3008 | D:5      | Reached skill level 6 in Short Blades
  3042 | D:5      | Found Qelerut's Antique Armour Boutique.
  3115 | D:5      | Reached XP level 7. HP: 29/35 MP: 6/8
  3151 | D:5      | Bought a runed chain mail for 142 gold pieces
  3234 | D:5      | Noticed Sigmund
  3235 | D:5      | Noticed Ijyb
  3673 | D:5      | Reached skill level 1 in Armour
  3739 | D:5      | Killed Ijyb
  3962 | D:5      | Killed Sigmund
  3963 | D:5      | Reached skill level 7 in Short Blades
  3963 | D:5      | Gained mutation: You have razor-sharp teeth. [Vine Stalker
                  | growth]
  3963 | D:5      | Reached XP level 8. HP: 39/39 MP: 9/9
  4048 | D:5      | Found Hieclele's Jewellery Shop.
  5164 | D:7      | Noticed a hornet
  5169 | D:7      | Killed a hornet
  5170 | D:7      | Reached skill level 8 in Short Blades
  5337 | D:7      | Reached XP level 9. HP: 43/43 MP: 10/10
  5536 | D:7      | Reached skill level 5 in Armour
  5575 | D:7      | Found a staircase to the Ecumenical Temple.
  5592 | D:7      | Found a basalt altar of Yredelemnul.
  5609 | Temple   | Entered the Ecumenical Temple
  5977 | D:7      | Reached skill level 9 in Short Blades
  6072 | D:7      | Noticed a white ugly thing
  6081 | D:7      | Found a snail-covered altar of Cheibriados.
  6081 | D:7      | Found a hide-covered altar of Uskayaw.
  6094 | D:7      | Found a stormy altar of Qazlal.
  6107 | D:7      | Became a worshipper of Uskayaw the Reveller
  6116 | D:7      | Found a shadowy altar of Dithmenos.
  6118 | D:7      | Found a radiant altar of Vehumet.
  6119 | D:7      | Found an opulent altar of Gozag.
  6142 | D:7      | Reached * piety under Uskayaw
  6182 | D:8      | Reached ** piety under Uskayaw
  6189 | D:8      | Reached *** piety under Uskayaw
  6204 | D:8      | Reached **** piety under Uskayaw
  6206 | D:8      | Reached ***** piety under Uskayaw
  6388 | D:8      | Reached skill level 1 in Invocations
  6420 | D:8      | Reached skill level 1 in Evocations
  6445 | D:8      | Reached skill level 10 in Short Blades
  6445 | D:8      | Reached XP level 10. HP: 41/49 MP: 10/12
  6504 | D:8      | Found a flagged portal.
  6539 | Bailey   | Entered a bailey
  6888 | Bailey   | Noticed an orc knight
  7122 | Bailey   | Mangled by an orc knight

Illustrated notes

Levels and vault maps discovered:
D:1:      dpeg_arrival_lava_altar, layout_rooms, serial_shops,
          nicolae_diamond_shop
D:2:      layout_loops_ring
D:3:      layout_rooms, mainiacjoe_overflow_alcove_2,
          shapermc_ecumenical_altar_mp_vishouse, ebering_ghost_rock_garden
D:4:      layout_basic
D:5:      layout_basic, serial_shops, shop, nicolae_shop_behind_doors,
          nicolae_shop_crystal, uniq_ijyb, uniq_sigmund
D:6:      layout_layer_cave
D:7:      layout_basic, old_standard_altar, minitemple, temple_doors_cd
D:8:      layout_basic, enter_bailey_4, nicolae_grassy_gnolls
Temple:   grunt_temple_mini_profane
Bailey:   bailey_polearm_2, bailey

Skill      XL: |  1  2  3  4  5  6  7  8  9 10 |
---------------+-------------------------------+-----
Short Blades   | 2 4 6 7 8 10 | 10.0
Stealth        | 7 8 |  8.0
Armour         | 2 4 5 |  5.5
Invocations    | 1 2 |  2.7
Fighting       | 3 |  3.9
Dodging        | 2 |  2.9
Evocations     | 1 2 |  2.3

Action                   |  1- 3 |  4- 6 |  7- 9 | 10-12 || total
-------------------------+-------+-------+-------+-------++-------
Melee: Short sword       |     7 |   198 |   211 |    52 ||   468
       Bite              |     2 |    46 |   104 |    38 ||   190
       Punch             |     1 |     2 |     4 |     2 ||     9
       Dagger            |       |       |    70 |    44 ||   114
 Fire: Sling             |       |     1 |       |       ||     1
Throw: Boomerang         |       |       |     5 |       ||     5
       Dart              |       |       |       |     1 ||     1
  Use: Potion            |     1 |       |       |       ||     1
       Scroll            |       |     1 |    10 |     1 ||    12
 Stab: Sleeping          |     1 |    24 |       |     1 ||    26
       Distracted        |       |     1 |       |       ||     1
       Paralysed         |       |       |     4 |     1 ||     5
Armor: Leather armour    |       |    48 |       |       ||    48
       Chain mail        |       |       |   104 |    41 ||   145
Dodge: Dodged            |     1 |    78 |    64 |    46 ||   189

Table legend: (Time is in decaauts)
 A = Elapsed time spent in this place.
 B = Non-inter-level travel time spent in this place.
 C = Inter-level travel time spent in this place.
 D = Time resting spent in this place.
 E = Time spent auto-exploring this place.
 F = Levels seen in this place.
 G = Mean time per level.
                   A        B        C        D        E       F      G
               +--------+--------+--------+--------+--------+-----+--------+
         Total |   6894 |   6552 |    342 |    759 |   3727 |  10 |  689.4 |
       Dungeon |   6145 |   5827 |    318 |    713 |   3475 |   8 |  768.1 |
        Temple |    208 |    185 |     23 |      0 |    182 |   1 |  208.0 |
        Bailey |    540 |    540 |      0 |     46 |     70 |   1 |  540.0 |
               +--------+--------+--------+--------+--------+-----+--------+

Top non-repeatable levels by time:
     D:6: 1236 daAuts
     D:5: 959 daAuts
     D:4: 856 daAuts
     D:2: 847 daAuts
     D:7: 748 daAuts
     D:3: 667 daAuts
  Bailey: 540 daAuts
     D:1: 487 daAuts
     D:8: 342 daAuts
  Temple: 208 daAuts
